 Dungeon Crawl Stone Soup version 0.22.1-2-g9c5b331383 (webtiles) character file.

594 BushDid911 the Skirmisher (level 7, -11/58 HPs)
             Began as a Human Fighter on Dec 23, 2018.
             Was a Follower of the Shining One.
             Mangled by an ogre
             ... wielding a +0 giant spiked club
              (17 damage)
             ... on level 4 of the Dungeon.
             The game lasted 00:06:40 (2924 turns).

BushDid911 the Skirmisher (Human Fighter)           Turns: 2924, Time: 00:06:40

Health: -11/58     AC: 11    Str: 19    XL:     7   Next: 67%
Magic:  7/7        EV:  4    Int:  8    God:    the Shining One [*.....]
Gold:   142        SH:  8    Dex: 12    Spells: 6/6 levels left

rFire    + . .     SeeInvis .   a - +0 long sword
rCold    . . .     Gourm    .   c - +0 shield
rNeg     . . .     Faith    .   h - +0 chain mail
rPois    .         Spirit   .   o - +0 helmet
rElec    .         Reflect  .   (no cloak)
rCorr    .         Harm     .   j - +1 pair of gloves
MR       .....                  (no boots)
Stlth    ..........             (no amulet)
HPRegen  0.19/turn              e - ring of protection from fire
MPRegen  0.10/turn              (no ring)

@: glowing, drained
A: no striking features
a: Renounce Religion


You were on level 4 of the Dungeon.
You worshipped the Shining One.
The Shining One was aware of your devotion.
You were not hungry.

You visited 1 branch of the dungeon, and saw 4 of its levels.

You collected 142 gold pieces.

Inventory:

Hand Weapons
 a - a +0 long sword (weapon)
Missiles
 i - 47 bolts
Armour
 c - a +0 shield (worn)
 h - a +0 chain mail (worn)
 j - a +1 pair of gloves (worn)
 o - a +0 helmet (worn)
Jewellery
 e - a ring of protection from fire (left hand)
 n - an uncursed amulet of regeneration {unknown}
Scrolls
 b - 2 scrolls of teleportation
 g - a scroll of remove curse
 k - a scroll of fear
 l - a scroll of identify
Comestibles
 f - 6 rations
 m - a chunk of flesh


   Skills:
 * Level 6.2(5.1) Fighting
 * Level 5.7(4.7) Long Blades
 - Level 3.0(2.0) Armour
 - Level 3.0(2.0) Shields


You had 6 spell levels left.
You didn't know any spells.
Your spell library was empty.

Dungeon Overview and Level Annotations

Branches:
Dungeon (4/15)
 Temple: D:4-7

Altars:
Elyvilon
The Shining One


Message History

The orc priest is heavily wounded.
The orc priest casts a cantrip, but nothing happens.
You completely miss the orc priest.
The orc priest is heavily wounded.
The orc priest hits you with a falchion.
* * * LOW HITPOINT WARNING * * *
You hit the orc priest but do no damage.
The orc priest is heavily wounded.
The orc priest hits you but does no damage.
You slash the orc priest!
You kill the orc priest!
The Shining One accepts your kill.
The ogre hits you with a giant spiked club!
* * * LOW HITPOINT WARNING * * *
You hit the ogre.
The ogre is moderately wounded.
You hit the ogre.
The ogre is moderately wounded.
The ogre hits you with a giant spiked club!
You die...

..... ..# ... ..
... .. ...
.........#
#.#.##.......#
#.#.##......!#
#...##..$o...# #.#
#..o....# #@#
#.......#
...#o#O####.......#
......o{...o...#
.#####.....O...#
#.......<..#
#.#+####........ #.
......... #[
.#........ #.
..#........


You could see an ogre and an orc.

Vanquished Creatures
  Sigmund (D:2)
  An ogre (D:4)
  A bullfrog (D:2)
  An orc priest (D:4)
  Jessica (D:3)
  Natasha (thrice) (D:3)
  A hound skeleton (D:2)
  Robin (D:3)
  4 adders
  An ooze (D:2)
  2 worms
  A dart slug (D:3)
  2 leopard geckos
  4 orcs
  3 ball pythons
  7 bats
  3 giant cockroaches
  14 goblins
  14 hobgoblins
  6 jackals (D:2)
  10 kobolds
  3 frilled lizards (D:2)
  7 rats
91 creatures vanquished.

Vanquished Creatures (others)
  A goblin (D:3)
1 creature vanquished.

Grand Total: 92 creatures vanquished

Notes
Turn   | Place    | Note
-------+----------+-------------------------------------------
     0 | D:1      | BushDid911 the Human Fighter began the quest for the Orb.
     0 | D:1      | Reached XP level 1. HP: 18/18 MP: 1/1
   163 | D:1      | Reached XP level 2. HP: 24/24 MP: 2/2
   847 | D:2      | Reached XP level 3. HP: 29/29 MP: 3/3
   875 | D:2      | Noticed a bullfrog
   890 | D:2      | Killed a bullfrog
   890 | D:2      | Reached skill level 4 in Fighting
   890 | D:2      | Reached XP level 4. HP: 25/37 MP: 4/4
   895 | D:2      | Noticed Sigmund
   926 | D:2      | Reached XP level 5. HP: 5/42 MP: 5/5
  1403 | D:2      | Found a glowing golden altar of the Shining One.
  1420 | D:2      | Became a worshipper of the Shining One
  1673 | D:2      | Found a white marble altar of Elyvilon.
  2082 | D:2      | Killed Sigmund
  2082 | D:2      | Reached skill level 5 in Fighting
  2082 | D:2      | Reached XP level 6. HP: 19/51 MP: 6/6
  2282 | D:3      | Noticed Natasha
  2286 | D:3      | Killed Natasha
  2320 | D:3      | Noticed Robin
  2345 | D:3      | Reached skill level 5 in Long Blades
  2364 | D:3      | Noticed Jessica
  2389 | D:3      | Reached XP level 7. HP: 34/56 MP: 7/7
  2397 | D:3      | Killed Robin
  2417 | D:3      | Killed Jessica
  2667 | D:3      | Noticed Natasha
  2677 | D:3      | Killed Natasha
  2746 | D:3      | Noticed Natasha
  2757 | D:3      | Killed Natasha
  2757 | D:3      | Reached * piety under the Shining One
  2912 | D:4      | Reached skill level 6 in Fighting
  2924 | D:4      | Mangled by an ogre

Skill      XL: |  1  2  3  4  5  6  7 |
---------------+----------------------+-----
Fighting       | 4 5 6 |  6.2
Long Blades    | 3 4 5 |  5.7
Armour         | |  3.0
Shields        | |  3.0

Action                   |  1- 3 |  4- 6 |  7- 9 || total
-------------------------+-------+-------+-------++-------
Melee: Long sword        |    40 |   148 |    73 ||   261
       Short sword       |    18 |    62 |       ||    80
  Use: Scroll            |     2 |     1 |     3 ||     6
       Potion            |       |     5 |     2 ||     7
  Eat: Chunk             |       |     4 |     3 ||     7
Armor: Scale mail        |     9 |       |       ||     9
       Chain mail        |    26 |   164 |    32 ||   222
Dodge: Dodged            |    11 |    45 |     9 ||    65
Block: Shield            |    28 |   119 |    24 ||   171
       Rpst.: Long sword |       |    11 |     2 ||    13
